 Dungeon Crawl Stone Soup version 0.23.2-11-gf996548c65 (webtiles) character file.

Game seed: 17835711555252531063

154 MalarOregon the Digger (level 5, 0/38 HPs)
             Began as a Ghoul Earth Elementalist on June 4, 2019.
             Slain by an orc
             ... wielding a +0 hand axe
              (6 damage)
             ... on level 2 of the Dungeon.
             The game lasted 00:05:19 (2522 turns).

MalarOregon the Digger (Ghoul Earth Elementalist)   Turns: 2522, Time: 00:05:20

Health: 0/38       AC:  2    Str: 12    XL:     5   Next: 36%
Magic:  1/8        EV: 12    Int: 11    God:
Gold:   118        SH:  0    Dex:  9    Spells: 5/9 levels left

rFire    . . .     SeeInvis .   f - +1 dagger (protect)
rCold    + . .     Gourm    .   (no shield)
rNeg     + + +     Faith    .   c - +0 robe
rPois    ∞         Spirit   .   (no helmet)
rElec    .         Reflect  .   (no cloak)
rCorr    .         Harm     .   (no gloves)
MR       .....                  (no boots)
Stlth    ++........             (no amulet)
HPRegen  0.00/turn              (no ring)
MPRegen  0.11/turn              (no ring)

@: rotting
A: rotting body, claws 1, carnivore, cold resistance 1, negative energy
resistance 3, inhibited regeneration, torment resistance, unbreathing
a: no special abilities


You were on level 2 of the Dungeon.
You were very hungry.

You visited 1 branch of the dungeon, and saw 3 of its levels.

You collected 118 gold pieces.

Inventory:

Hand Weapons
 f - a +1 dagger of protection (weapon)
   (You took it off a goblin on level 2 of the Dungeon)
Missiles
 b - 13 stones (quivered)
Armour
 c - a +0 robe (worn)
Scrolls
 g - 3 scrolls of identify {unknown}
 h - 3 scrolls of teleportation {unknown}
Potions
 a - a potion of brilliance {unknown}
 i - a potion of flight {unknown}
 j - a potion of haste {unknown}
 k - a potion of mutation {unknown}
 l - a potion of heal wounds {unknown}
 m - a potion of curing {unknown}
Comestibles
 e - 5 rations {!d}


   Skills:
 + Level 2.8 Dodging
 - Level 3.1 Stealth
 + Level 2.7 Spellcasting
 + Level 0.9 Conjurations
   Level 0.8 Transmutations
 + Level 4.3 Earth Magic


You had 5 spell levels left.
You knew the following spells:

 Your Spells              Type           Power        Failure   Level  Hunger
a - Sandblast             Erth           ##....       4%          1    #......
x - Stone Arrow           Conj/Erth      #.....       28%         3    ###....

Your spell library contained the following spells:

 Spells                   Type           Power        Failure   Level  Hunger
 Passwall                 Tmut/Erth      #.......     14%         2    ###....
 Petrify                  Tmut/Erth      #.......     67%         4    #####..
 Lee's Rapid Deconstruct  Erth           ##........   78%         5    ######.


Dungeon Overview and Level Annotations

Branches:
Dungeon (3/15)

Altars:

Annotations:
D:3 Natasha, Sigmund, Terence


Innate Abilities, Weirdness & Mutations

Your body is rotting away.
You thrive on raw meat.
You are immune to poison.
You have sharp fingernails.
You are carnivorous and can eat meat at any time.
Your flesh is cold resistant. (rC+)
You are immune to negative energy. (rN+++)
You do not regenerate when monsters are visible.
You are immune to unholy pain and torment.
You can survive without breathing.


Message History

Natasha hisses angrily.
You hit the orc. The orc barely misses you.
You hit the orc but do no damage. The orc hits you with a +0 hand axe!
You barely miss the orc.
Natasha growls.
You hit the orc but do no damage. The orc barely misses you.
You hit the orc but do no damage. The orc hits you with a +0 hand axe.
You barely miss the orc. The orc hits you with a +0 hand axe.
* * * LOW HITPOINT WARNING * * *
You hit the orc.
Your weapon exudes an aura of protection.
The orc hits you with a +0 hand axe.
* * * LOW HITPOINT WARNING * * *
Aim: an orc, wielding a +0 hand axe and wearing a +0 chain mail (almost dead)
The blast of sand hits the orc but does no damage.
b - 14 stones The orc hits you with a +0 hand axe.
* * * LOW HITPOINT WARNING * * *
You hit the orc but do no damage. The orc hits you but does no damage.
Here: an orc, wielding a +0 hand axe and wearing a +0 chain mail (severely wounded)
The floor.
The hobgoblin throws a stone.
The stone hits you but does no damage.
You see here a stone.
A hobgoblin comes into view. It is wielding a +0 hand axe.
There is a stone staircase leading up here.
You climb upwards.
There is a stone staircase leading down here.
Aim: an orc, wielding a +0 hand axe and wearing a +0 chain mail (severely wounded)
You miscast Stone Arrow.
You are very lightly contaminated with residual magic.
You hear a distant rumble.
The orc misses you. The orc misses you.
You see here a +0 club.
The orc hits you with a +0 hand axe.
* * * LOW HITPOINT WARNING * * *
Okay, then.
You don't have enough magic to cast that spell.
Aim: an orc, wielding a +0 hand axe and wearing a +0 chain mail (heavily wounded)
The stone arrow hits the orc.
The orc hits you with a +0 hand axe.
* * * LOW HITPOINT WARNING * * *
You don't have enough magic to cast that spell.
Your magical contamination has completely faded away.
There is an escape hatch in the floor here.
Aim: an orc, wielding a +0 hand axe and wearing a +0 chain mail (heavily wounded)
The blast of sand hits the orc.
b - 13 stones You are feeling very hungry.
The orc hits you with a +0 hand axe.
You die...

########### #.........# ###
####### #.#######÷# ..# #.....#
#.# #.# #.##########.###.######.#
#.#
....>..........o@....>#.#######.#
##.######.##.##########.##......#
##.## #.##............##.######
....# #.################.#...#
.##.## #.# #......#.......#.#.#
.##..# #.# #.####.#.#######.#.#
.###.# #.# #......#.# #......# .#
#.# ##'#######..#.# #.#..### .#
#.###....##.....#.####.#.##


You could see an orc.

Vanquished Creatures
  Natasha (D:3)
  5 gnolls (D:3)
  4 adders (D:2)
  2 leopard geckos (D:2)
  3 orcs (D:3)
  2 ball pythons
  3 bats
  2 giant cockroaches (D:2)
  3 goblins
  7 hobgoblins
  5 kobolds
  A frilled lizard (D:1)
  7 rats
45 creatures vanquished.

Notes
Turn   | Place    | Note
-------+----------+-------------------------------------------
     0 | D:1      | MalarOregon the Ghoul Earth Elementalist began the quest
                  | for the Orb.
     0 | D:1      | Reached XP level 1. HP: 14/14 MP: 2/2
   293 | D:1      | Reached XP level 2. HP: 8/20 MP: 0/3
   862 | D:2      | Reached XP level 3. HP: 21/26 MP: 0/5
   919 | D:2      | Learned a level 3 spell: Stone Arrow
  1460 | D:2      | Reached XP level 4. HP: 28/33 MP: 4/6
  1737 | D:3      | Noticed Terence
  1773 | D:3      | Noticed Natasha
  1820 | D:3      | Killed Natasha
  1820 | D:3      | Reached skill level 4 in Earth Magic
  1973 | D:3      | Reached XP level 5. HP: 22/38 MP: 1/7
  2262 | D:3      | Noticed Sigmund
  2442 | D:3      | Noticed Natasha
  2522 | D:2      | Slain by an orc

Skill      XL: |  1  2  3  4 |
---------------+-------------+-----
Dodging        | 2 |  2.8
Spellcasting   | 2 |  2.7
Stealth        | 3 |  3.1
Earth Magic    | 4 |  4.3
Conjurations   | |  0.9
Transmutations | |  0.8

Action                   |  1- 3 |  4- 6 || total
-------------------------+-------+-------++-------
Melee: Unarmed           |    29 |       ||    29
       Dagger            |    49 |    23 ||    72
 Cast: Sandblast         |    36 |    31 ||    67
       Stone Arrow       |       |     1 ||     1
 Stab: Sleeping          |     1 |     2 ||     3
  Eat: Chunk             |     2 |     4 ||     6
Armor: Robe              |    47 |     6 ||    53
Dodge: Dodged            |    62 |    20 ||    82
